[Event "December 5 Late 2023"]
[Site "https://www.chess.com"]
[Date "2023.12.05"]
[Round "8"]
[White "Carlsen, Magnus"]
[Black "Zhigalko, Sergei"]
[Result "1-0"]
[Board "1"]
[TimeControl "180+1"]
[WhiteFideId "1503014"]
[BlackFideId "13502956"]
[WhiteElo "3314"]
[BlackElo "2955"]
[WhiteTeam "NOR"]
[BlackTeam "BLR"]
[WhiteClock "0:02:22"]
[BlackClock "0:00:00"]

1. e4 c5 2. Nf3 Nc6 3. Bc4 Nf6 4. d3 e6 5. O-O d5 6. Bb5 Bd7 7. Re1 a6 8. Bxc6 Bxc6 9. Ne5 dxe4 10. Nxc6 bxc6 11. dxe4 Qxd1 12. Rxd1 Nxe4 13. Na3 Nf6 14. Nc4 Nd5 15. Na5 c4 16. Nxc4 Bc5 17. Na5 Bb6 18. Bd2 Bxa5 19. Bxa5 O-O 20. c4 Nf6 21. Rd6 Rfc8 22. Rad1 h6 23. f3 Rab8 24. b3 Rb7 25. Rd8+ Rxd8 26. Rxd8+ Kh7 27. Rd6 Rd7 28. Rxc6 Rd1+ 29. Kf2 Ra1 30. a4 Ra2+ 31. Kf1 Ra1+ 32. Ke2 Ra2+ 33. Bd2 Nd7 34. Rxa6 Rb2 35. b4 Ne5 36. c5 Nc4 37. Rd6 Nxd2 38. Rxd2 Rxb4 39. Ra2 Rc4 40. a5 Rxc5 41. a6 Rc8 42. a7 Ra8 43. Kd3 Kg6 44. Kd4 Kf5 45. Kc5 e5 46. Kb6 e4 47. fxe4+ Kxe4 48. Kb7 Re8 49. Re2+ Kf5 50. Rxe8 1-0

[Event "December 5 Late 2023"]
[Site "https://www.chess.com"]
[Date "2023.12.05"]
[Round "8"]
[White "Firouzja, Alireza"]
[Black "Xiong, Jeffery"]
[Result "0-1"]
[Board "2"]
[TimeControl "180+1"]
[WhiteFideId "12573981"]
[BlackFideId "2047640"]
[WhiteElo "3162"]
[BlackElo "3035"]
[WhiteTeam "FRA"]
[BlackTeam "USA"]
[WhiteClock "0:00:00"]
[BlackClock "0:00:09"]

1. d4 d5 2. Bg5 h6 3. Bh4 c5 4. e3 Qb6 5. Nc3 e6 6. Na4 Qa5+ 7. Nc3 Nc6 8. a3 cxd4 9. exd4 g5 10. Bg3 Bg7 11. Nf3 Nge7 12. Bd3 Nf5 13. b4 Qd8 14. Ne2 g4 15. Ne5 Nfxd4 16. Nxd4 Nxe5 17. O-O h5 18. Bb5+ Kf8 19. f4 Nc4 20. Bxc4 dxc4 21. Bf2 b6 22. Nb5 Bb7 23. Qxd8+ Rxd8 24. Rad1 Ke7 25. Nxa7 Be4 26. Bxb6 Rd5 27. Nc6+ Kd6 28. Ne5 Rc8 29. c3 f6 30. Bc5+ Rxc5 31. bxc5+ Kxc5 32. Nd7+ Kc6 33. Nb8+ Kb7 34. Nd7 Kc6 35. Nb8+ Kb7 36. Rfe1 Kxb8 37. f5 Rxd1 38. Rxd1 exf5 39. Rd7 Bh6 40. Kf2 Bc1 0-1

[Event "December 5 Late 2023"]
[Site "https://www.chess.com"]
[Date "2023.12.05"]
[Round "8"]
[White "Erigaisi Arjun"]
[Black "Duda, Jan-Krzysztof"]
[Result "0-1"]
[Board "3"]
[TimeControl "180+1"]
[WhiteFideId "35009192"]
[BlackFideId "1170546"]
[WhiteElo "3107"]
[BlackElo "3050"]
[WhiteTeam "IND"]
[BlackTeam "POL"]
[WhiteClock "0:01:16"]
[BlackClock "0:00:56"]

1. b3 Nf6 2. Bb2 g6 3. g3 Bg7 4. Bg2 O-O 5. c4 c5 6. Nf3 Nc6 7. O-O d6 8. d4 cxd4 9. Nxd4 Bd7 10. Nc3 a6 11. Qd2 Rc8 12. e3 Nxd4 13. Qxd4 b5 14. Bb7 Rc5 15. Bxa6 Nd5 16. Qxg7+ Kxg7 17. Nxd5+ Kg8 18. Nc3 b4 19. Ne4 Ra5 20. Bb7 Qc7 21. Bd5 Bc6 22. a4 Bxd5 23. cxd5 Qc2 0-1

[Event "December 5 Late 2023"]
[Site "https://www.chess.com"]
[Date "2023.12.05"]
[Round "8"]
[White "Pranav, V"]
[Black "Sarana, Alexey"]
[Result "1-0"]
[Board "4"]
[TimeControl "180+1"]
[WhiteFideId "25060783"]
[BlackFideId "24133795"]
[WhiteElo "3063"]
[BlackElo "3019"]
[WhiteTeam "IND"]
[BlackTeam "SRB"]
[WhiteClock "0:00:05"]
[BlackClock "0:00:03"]

1. Nf3 d5 2. g3 g6 3. Bg2 Bg7 4. O-O Nf6 5. d3 O-O 6. Nbd2 Nc6 7. e4 e5 8. Re1 dxe4 9. dxe4 Be6 10. Qe2 a5 11. Nc4 Nd7 12. Bg5 Qe8 13. c3 a4 14. Be3 h6 15. Na3 Qe7 16. Nb5 Rfc8 17. Red1 Ra5 18. Ne1 Nc5 19. Nc2 Na6 20. Nba3 Nab8 21. Bf1 Nd7 22. Qe1 Nf6 23. f3 Bf8 24. Bb5 Kh7 25. Qf2 Nb8 26. Nb4 c6 27. Bf1 b5 28. Rd2 Nbd7 29. Rad1 Raa8 30. Nac2 Ne8 31. h4 Ndf6 32. Be2 Rc7 33. Ne1 Rac8 34. Na6 Rd7 35. Bc5 Qd8 36. Rxd7 Nxd7 37. Bxf8 Qa5 38. Rxd7 Bxd7 39. Nc5 Qd8 40. Qe3 g5 41. hxg5 hxg5 42. Nxd7 Qxd7 43. Bc5 Kg6 44. f4 f6 45. fxe5 Qh3 46. Nd3 Rc7 47. Nf2 Qe6 48. exf6 Nxf6 49. e5 Nd5 50. Qe4+ Kg7 51. Bg4 Qh6 52. e6 Nf6 53. Bd4 Re7 54. Qf5 Qg6 55. Ne4 1-0

[Event "December 5 Late 2023"]
[Site "https://www.chess.com"]
[Date "2023.12.05"]
[Round "8"]
[White "Oparin, Grigoriy"]
[Black "Paravyan, David"]
[Result "1/2-1/2"]
[Board "5"]
[TimeControl "180+1"]
[WhiteFideId "24125890"]
[BlackFideId "4194985"]
[WhiteElo "3059"]
[BlackElo "3011"]
[WhiteTeam "USA"]
[BlackTeam "FID"]
[WhiteClock "0:00:20"]
[BlackClock "0:00:45"]

1. d4 d5 2. Nf3 Nf6 3. c4 e6 4. g3 Be7 5. Bg2 O-O 6. O-O dxc4 7. Qc2 b5 8. a4 Bb7 9. axb5 a6 10. bxa6 Nxa6 11. Qxc4 Bd5 12. Qc3 c5 13. Be3 Ne4 14. Qc1 cxd4 15. Bxd4 Nec5 16. Nbd2 Rc8 17. Bc3 Qb6 18. Qd1 Rfd8 19. Ba5 Qxb2 20. Bxd8 Rxd8 21. Qb1 Bf6 22. Qxb2 Bxb2 23. Rab1 Na4 24. e3 Ba2 25. Rbd1 Nc3 26. Rde1 Nb4 27. Nd4 Nd3 28. Ra1 Bxa1 29. Rxa1 g6 30. Ne4 Nxe4 31. Bxe4 Nb4 32. Nc6 Nxc6 33. Bxc6 Rd2 34. Bf3 Kg7 35. h4 h6 36. Rd1 Rxd1+ 37. Bxd1 g5 1/2-1/2

[Event "December 5 Late 2023"]
[Site "https://www.chess.com"]
[Date "2023.12.05"]
[Round "8"]
[White "Nakamura, Hikaru"]
[Black "Bok, Benjamin"]
[Result "1/2-1/2"]
[Board "6"]
[TimeControl "180+1"]
[WhiteFideId "2016192"]
[BlackFideId "1017063"]
[WhiteElo "3228"]
[BlackElo "2985"]
[WhiteTeam "USA"]
[BlackTeam "NED"]
[WhiteClock "0:00:11"]
[BlackClock "0:00:08"]

1. Nf3 d5 2. g3 g6 3. d4 Bg7 4. Bg2 Nf6 5. O-O O-O 6. c3 c6 7. a4 a5 8. Nbd2 Bf5 9. Re1 Nbd7 10. Nh4 Be6 11. e4 dxe4 12. Nxe4 Nxe4 13. Bxe4 Nb6 14. Bc2 Qd7 15. Ng2 Rfe8 16. Nf4 Bg4 17. f3 Bf5 18. Nd3 Bxd3 19. Qxd3 Rad8 20. Qf1 Nd5 21. f4 e6 22. Be4 Ra8 23. Bd2 b5 24. Qf3 Reb8 25. axb5 cxb5 26. g4 a4 27. f5 Rc8 28. Kh1 b4 29. h4 a3 30. f6 Bxf6 31. bxa3 bxc3 32. Bh6 Bxd4 33. Rad1 Bg7 34. Bc1 c2 35. Rd3 Rab8 36. Bxd5 exd5 37. Rxd5 Qa4 38. Kg2 Rb3 39. Qe4 Qxe4+ 40. Rxe4 Rb1 41. Rc4 Rbb8 42. Rdc5 Rxc5 43. Rxc5 Bb2 44. Rxc2 Bxc1 45. Rxc1 Rb2+ 46. Kg3 Rb3+ 47. Kg2 Rxa3 48. g5 Kg7 49. Rc7 Ra4 50. Kg3 Ra3+ 51. Kg4 Rb3 52. Ra7 Rb4+ 53. Kg3 Rb5 54. Rc7 Rd5 55. Ra7 Rf5 56. Kg4 h6 57. Rb7 Rf1 58. Rb5 Rg1+ 59. Kh3 Rh1+ 60. Kg3 Ra1 61. Rb7 Ra3+ 62. Kf4 h5 63. Rb4 Rh3 64. Ke5 Rg3 65. Re4 Rg1 66. Rd4 Rf1 67. Rc4 Rf5+ 68. Ke4 Rf1 69. Ke3 Rg1 70. Kf3 Rh1 71. Kg3 Rd1 72. Ra4 Rd3+ 73. Kg2 Kf8 74. Ra7 Ke8 75. Rb7 Rd7 76. Rb4 Rd3 77. Rb7 Kf8 78. Ra7 Re3 79. Rb7 Re4 80. Kg3 Rg4+ 81. Kh3 Re4 82. Ra7 Re3+ 83. Kg2 Re7 84. Ra8+ Re8 85. Ra7 Re4 86. Kg3 Rg4+ 87. Kh3 Re4 88. Kg3 Re3+ 89. Kg2 Ke8 90. Rb7 Kf8 91. Ra7 1/2-1/2

[Event "December 5 Late 2023"]
[Site "https://www.chess.com"]
[Date "2023.12.05"]
[Round "8"]
[White "Martinez Alcantara, Jose Eduardo"]
[Black "Naroditsky, Daniel"]
[Result "1/2-1/2"]
[Board "7"]
[TimeControl "180+1"]
[WhiteFideId "3805662"]
[BlackFideId "2026961"]
[WhiteElo "2980"]
[BlackElo "3165"]
[WhiteTeam "PER"]
[BlackTeam "USA"]
[WhiteClock "0:00:08"]
[BlackClock "0:00:04"]

1. e4 e5 2. Nf3 Nc6 3. Nc3 Nf6 4. h3 h6 5. d4 exd4 6. Nxd4 Bc5 7. Nxc6 bxc6 8. Bd3 d6 9. O-O O-O 10. Kh1 Re8 11. Qf3 Rb8 12. Rb1 Be6 13. b3 Nd7 14. Qg3 Qf6 15. Ne2 Ne5 16. f4 Nxd3 17. cxd3 Qg6 18. Qf3 f5 19. Ng3 Bd4 20. Bb2 Bxb2 21. Rxb2 c5 22. Re2 Qf7 23. Rfe1 Bd7 24. Kh2 Kh7 25. exf5 Rxe2 26. Rxe2 Bxf5 27. Nxf5 Qxf5 28. Re7 Rf8 29. g3 Rf7 30. Qe4 Qxe4 31. Rxe4 g5 32. Kg2 gxf4 33. gxf4 Kg6 34. Ra4 c6 35. Kf3 Kf5 36. Ra6 Rc7 37. h4 h5 38. Kg3 Rg7+ 39. Kf3 Rg4 40. Rxc6 Rxf4+ 41. Ke3 Rd4 42. Ra6 Ke5 43. Rxa7 Rxh4 44. Rh7 Rh1 45. a4 h4 46. Kf3 h3 47. Kg3 Rb1 48. Rh5+ Kd4 49. Rh4+ Kxd3 50. Rxh3 Kc3 51. Kf4+ Kb4 52. Ke4 Rd1 53. Rd3 Rxd3 54. Kxd3 d5 55. Kc2 Ka5 56. Kc3 Kb6 57. b4 cxb4+ 58. Kxb4 d4 59. Kc4 Ka5 60. Kxd4 Kxa4 1/2-1/2

[Event "December 5 Late 2023"]
[Site "https://www.chess.com"]
[Date "2023.12.05"]
[Round "8"]
[White "Drygalov, Andrey"]
[Black "Andreikin, Dmitry"]
[Result "0-1"]
[Board "8"]
[TimeControl "180+1"]
[WhiteFideId "24171735"]
[BlackFideId "4158814"]
[WhiteElo "2969"]
[BlackElo "3109"]
[WhiteTeam "RUS"]
[BlackTeam "FID"]
[WhiteClock "0:00:00"]
[BlackClock "0:00:02"]

1. e4 c5 2. Nf3 e6 3. d4 cxd4 4. Nxd4 a6 5. c4 Nf6 6. Nc3 Qc7 7. a3 Nxe4 8. Nxe4 Qe5 9. Be2 Qxe4 10. O-O Nc6 11. Nf3 Be7 12. Bd3 Qg4 13. h3 Qh5 14. Bf4 O-O 15. b4 f5 16. Re1 d6 17. b5 Nd8 18. Be2 axb5 19. Bxd6 Bxd6 20. Qxd6 Nf7 21. Qb4 Ra4 22. Qxb5 Ra6 23. c5 Qh6 24. Qb4 Rc6 25. Bb5 Rc7 26. Bc4 Qf6 27. Rad1 Kh8 28. Nd4 Ne5 29. Bb3 Nc6 30. Nxc6 Rxc6 31. Rd6 f4 32. Rxc6 bxc6 33. Qe4 Qc3 34. Bxe6 Re8 35. Rd1 Qxc5 36. Bxc8 Rxc8 37. Qxf4 Qxa3 38. Rd7 Qa1+ 39. Kh2 h6 40. Rc7 Rxc7 41. Qxc7 Qf6 42. f4 Qe6 43. Qb8+ Kh7 44. Qb1+ Qg6 45. Qb6 Qd6 46. Qe3 c5 47. Qe4+ Qg6 48. Qd5 Qc2 49. f5 Qc3 50. Qe6 Qf6 51. Qd5 Qe7 52. Kg1 Qc7 53. Qc4 Qe5 54. Qc2 Kg8 55. Kf2 Kf7 56. Kf3 Kf6 57. g4 Qd5+ 58. Kf4 Qd4+ 59. Kf3 c4 60. Qa4 Qd3+ 61. Kf4 Qd4+ 62. Kf3 Qd5+ 63. Ke3 Kg5 64. Qe8 Qd3+ 65. Kf2 Kf4 66. Qb8+ Ke4 67. Qb7+ Kf4 68. Qb8+ Kg5 69. Qe5 Qd2+ 70. Kf3 Qd3+ 71. Kf2 Kh4 72. Qxg7 Qd2+ 73. Kf3 Qd1+ 74. Ke4 Qd3+ 75. Kf4 Qd2+ 76. Ke4 Qe2+ 77. Kf4 Qf2+ 78. Ke4 Qe2+ 79. Kf4 Qf1+ 80. Ke4 Qd3+ 81. Kf4 Qd2+ 82. Kf3 c3 83. g5 Qxg5 84. Qd4+ Kxh3 85. Ke2 Qg2+ 86. Ke1 Qh1+ 87. Ke2 Qg2+ 88. Ke1 Qg3+ 89. Kd1 Qf3+ 90. Kc2 Qxf5+ 91. Kxc3 h5 92. Kd2 h4 93. Ke2 Kg2 94. Qe3 Qg4+ 95. Ke1 Qg3+ 0-1

[Event "December 5 Late 2023"]
[Site "https://www.chess.com"]
[Date "2023.12.05"]
[Round "8"]
[White "Aronian, Levon"]
[Black "Svane, Frederik"]
[Result "1-0"]
[Board "9"]
[TimeControl "180+1"]
[WhiteFideId "13300474"]
[BlackFideId "12923044"]
[WhiteElo "3103"]
[BlackElo "2940"]
[WhiteTeam "USA"]
[BlackTeam "GER"]
[WhiteClock "0:00:53"]
[BlackClock "0:00:00"]

1. d4 Nf6 2. c4 e5 3. dxe5 Ng4 4. Nf3 Nc6 5. Bf4 Bb4+ 6. Nbd2 Qe7 7. e3 Ngxe5 8. Nxe5 Nxe5 9. Be2 d6 10. O-O O-O 11. Nb3 a5 12. a3 Bc5 13. Nxc5 dxc5 14. a4 Ra6 15. Qd5 Ng6 16. Bg3 Rd8 17. Qh5 Rb6 18. Rab1 Be6 19. b3 h6 20. h3 Rd2 21. Kh2 Nf8 22. Bf3 Nd7 23. Bxc7 Ra6 24. Rbd1 Rb2 25. Rd3 b6 26. Be4 Ra7 27. Bd6 Qf6 28. f4 Re2 29. Qxe2 1-0

[Event "December 5 Late 2023"]
[Site "https://www.chess.com"]
[Date "2023.12.05"]
[Round "8"]
[White "Rasulov, Vugar"]
[Black "Nepomniachtchi, Ian"]
[Result "1/2-1/2"]
[Board "10"]
[TimeControl "180+1"]
[WhiteFideId "13402390"]
[BlackFideId "4168119"]
[WhiteElo "2911"]
[BlackElo "3100"]
[WhiteTeam "AZE"]
[BlackTeam "RUS"]
[WhiteClock "0:00:14"]
[BlackClock "0:00:58"]

1. e4 e5 2. Nf3 Nc6 3. Nc3 Nf6 4. d4 exd4 5. Nxd4 Bb4 6. Nxc6 bxc6 7. Bd3 O-O 8. O-O d6 9. Bg5 h6 10. Bh4 Rb8 11. f4 Qe7 12. Kh1 Qe6 13. Qf3 Qg4 14. Bxf6 Qxf3 15. Rxf3 gxf6 16. Ne2 Re8 17. b3 Bc5 18. Ng3 Bg4 19. Rff1 h5 20. Rae1 h4 21. Nf5 Bxf5 22. exf5 a5 23. Re2 Rxe2 24. Bxe2 Re8 25. Bf3 d5 26. c4 d4 27. Rd1 d3 28. h3 d2 29. g4 hxg3 30. Kg2 Re1 31. Kxg3 Be3 32. h4 Kf8 33. h5 Kg7 34. Bg4 Kf8 35. Bf3 Ke7 36. Bg4 Kf8 37. Bf3 1/2-1/2

[Event "December 5 Late 2023"]
[Site "https://www.chess.com"]
[Date "2023.12.05"]
[Round "8"]
[White "Nihal Sarin"]
[Black "Miladinovic, Igor"]
[Result "0-1"]
[Board "11"]
[TimeControl "180+1"]
[WhiteFideId "25092340"]
[BlackFideId "4203380"]
[WhiteElo "3094"]
[BlackElo "2835"]
[WhiteTeam "IND"]
[BlackTeam "SRB"]
[WhiteClock "0:00:05"]
[BlackClock "0:00:42"]

1. e4 c5 2. Nf3 Nc6 3. Bb5 e6 4. O-O Nge7 5. Re1 a6 6. Bf1 b5 7. a4 b4 8. c3 Bb7 9. d4 bxc3 10. d5 c2 11. Qxc2 Nb4 12. Qd1 Ng6 13. Nbd2 Be7 14. Nc4 O-O 15. d6 Bf6 16. Ra3 h6 17. g3 Bg5 18. Bxg5 hxg5 19. Nfe5 Nxe5 20. Nxe5 Nc6 21. Nxc6 Bxc6 22. e5 f6 23. Bg2 Bxg2 24. Kxg2 Rb8 25. Qc2 fxe5 26. Rxe5 Qf6 27. Rae3 c4 28. h3 Rb6 29. Qe2 Rxd6 30. Rc5 Rd4 31. Ree5 Rd3 32. Re3 Qd4 33. Rxg5 Rd2 34. Qe1 Rfxf2+ 35. Qxf2 Rxf2+ 36. Kxf2 Qf6+ 0-1

[Event "December 5 Late 2023"]
[Site "https://www.chess.com"]
[Date "2023.12.05"]
[Round "8"]
[White "Bortnyk, Olexandr"]
[Black "Sattarov, Bobir"]
[Result "0-1"]
[Board "12"]
[TimeControl "180+1"]
[WhiteFideId "14120828"]
[BlackFideId "14203081"]
[WhiteElo "3080"]
[BlackElo "2751"]
[WhiteTeam "UKR"]
[BlackTeam "UZB"]
[WhiteClock "0:00:02"]
[BlackClock "0:00:10"]

1. e4 e5 2. Nf3 Nc6 3. Bb5 a6 4. Ba4 Bc5 5. Nc3 Nge7 6. Nd5 O-O 7. c3 d6 8. d4 Ba7 9. Bg5 f6 10. Bb3 Kh8 11. Be3 exd4 12. Nxd4 Nxd4 13. cxd4 c6 14. Nc3 f5 15. Bg5 h6 16. Qh5 Qe8 17. Qxe8 Rxe8 18. Bf7 Rf8 19. Bxe7 Rxf7 20. Bxd6 Bxd4 21. e5 Be6 22. O-O f4 23. Rfd1 Bxc3 24. bxc3 g5 25. a4 b5 26. axb5 cxb5 27. Bb4 Rd7 28. Rxd7 Bxd7 29. Rd1 Bf5 30. h4 Kg7 31. hxg5 hxg5 32. Be7 g4 33. Rd4 f3 34. Rf4 Kg6 35. gxf3 gxf3 36. Rxf3 a5 37. e6 Re8 38. Rg3+ Kh7 39. Bc5 Rxe6 40. Rf3 Kg6 41. Rg3+ Kf7 42. Rf3 Kg6 43. Kf1 Rc6 44. Ba3 Rc4 45. Rg3+ Kf7 46. Ke2 Ra4 47. Bc5 Rc4 48. Bd6 Ke6 49. Bf8 Rc8 50. Ba3 Rc4 51. Kd2 Ra4 52. Bf8 Ra2+ 53. Ke3 Rc2 54. Kd4 Rxf2 55. Re3+ Kf7 56. Ba3 Ra2 57. Be7 Be6 58. Bh4 Bc4 59. Kc5 a4 60. Rf3+ Kg6 61. Be7 a3 62. Kb6 Ra1 63. Rg3+ Kf5 64. Rf3+ Ke6 65. Re3+ Kf5 66. Bxa3 Rxa3 67. Kc5 Kf4 68. Kd4 Ra8 69. Re4+ Kf5 70. Re5+ Kf4 71. Re4+ Kf3 72. Re3+ Kf2 73. Re7 Rc8 74. Re5 Rd8+ 75. Kc5 Rc8+ 76. Kb4 Be2 77. Rf5+ Ke1 78. Re5 Kd2 79. Rd5+ Bd3 80. Rh5 Rc4+ 81. Kb3 Rxc3+ 82. Kb4 Rc4+ 83. Kb3 Bc2+ 84. Kb2 Rb4+ 85. Ka3 Ra4+ 86. Kb2 Rb4+ 87. Ka3 Rb3+ 88. Ka2 Re3 89. Rxb5 Kc1 90. Rh5 Re4 91. Rh1+ Kd2 92. Rh2+ Kc3 93. Rh3+ Bd3 94. Ka3 Re5 95. Rh4 Re3 96. Ka4 Re2 97. Ka5 Re1 98. Kb6 Ra1 99. Kc5 Ra6 100. Rf4 Ra5+ 101. Kd6 Rb5 102. Ke6 Ra5 103. Kd6 Bc4 104. Kc6 Kb4 105. Kd6 Ra6+ 106. Ke5 Re6+ 107. Kf5 Re8 108. Kf6 Kc5 109. Rf5+ Kc6 110. Rf4 Bd5 111. Kf5 Kd6 112. Kf6 Rf8+ 113. Kg5 Rg8+ 114. Kf6 Rg1 115. Kf5 Re1 116. Kf6 Be6 117. Rd4+ Bd5 118. Rf4 Ra1 119. Kf5 Ra7 120. Kf6 Re7 121. Kf5 Re6 122. Rd4 Re8 123. Rf4 Kc5 124. Kf6 Be4 125. Kg5 Kd4 126. Kf6 Ra8 127. Rh4 Ra6+ 128. Kg5 Ke5 129. Rh6 Ra8 130. Rh4 Rg8+ 131. Kh6 Kf6 132. Kh5 Bf3+ 133. Kh6 Rh8# 0-1

[Event "December 5 Late 2023"]
[Site "https://www.chess.com"]
[Date "2023.12.05"]
[Round "8"]
[White "Korchmar, Vasiliy"]
[Black "Bluebaum, Matthias"]
[Result "0-1"]
[Board "13"]
[TimeControl "180+1"]
[WhiteFideId "24131750"]
[BlackFideId "24651516"]
[WhiteElo "2814"]
[BlackElo "3022"]
[WhiteTeam "RUS"]
[BlackTeam "GER"]
[WhiteClock "0:00:00"]
[BlackClock "0:00:55"]

1. e4 e6 2. d4 d5 3. e5 c5 4. c3 Nc6 5. Nf3 Nge7 6. Na3 Bd7 7. Nc2 Qa5 8. Bd2 Qb6 9. dxc5 Qc7 10. Be2 Ng6 11. b4 Ncxe5 12. Nfd4 Be7 13. O-O O-O 14. f4 Nc4 15. Bxc4 dxc4 16. f5 exf5 17. Ne3 b6 18. Nd5 Qc8 19. cxb6 Bd8 20. bxa7 Rxa7 21. a4 Qa8 22. Ne3 Bxa4 23. Qe2 Re8 24. Qf2 f4 25. Nxc4 Bc7 26. b5 Bc2 27. Nxc2 Rxa1 28. Rxa1 Qd5 29. Qd4 Qxb5 30. Nd6 Bxd6 31. Qxd6 h6 32. Bxf4 Qf5 33. Nd4 Qxf4 34. Qxf4 Nxf4 35. Rc1 Rd8 36. Kf1 Nd5 37. Ke2 Rc8 38. Kd3 Nf4+ 39. Ke4 Nxg2 40. Rg1 Nh4 41. Rc1 g5 42. c4 f5+ 43. Kd5 Rd8+ 44. Ke5 f4 45. Ne6 Re8 46. c5 Kf7 0-1

[Event "December 5 Late 2023"]
[Site "https://www.chess.com"]
[Date "2023.12.05"]
[Round "8"]
[White "Krzyzanowski, Marcin"]
[Black "Deac, Bogdan-Daniel"]
[Result "0-1"]
[Board "14"]
[TimeControl "180+1"]
[WhiteFideId "1132199"]
[BlackFideId "1226380"]
[WhiteElo "2744"]
[BlackElo "3004"]
[WhiteTeam "POL"]
[BlackTeam "ROU"]
[WhiteClock "0:00:02"]
[BlackClock "0:01:01"]

1. Nf3 d5 2. g3 Nd7 3. d4 Ngf6 4. Bg2 e6 5. O-O Be7 6. c4 O-O 7. b3 dxc4 8. bxc4 c5 9. d5 Nb6 10. dxe6 Bxe6 11. Ne5 Qc7 12. Bf4 g5 13. Ng6 gxf4 14. Nxf8 Rxf8 15. Nc3 Nxc4 16. Qc2 fxg3 17. hxg3 b6 18. Rad1 Qe5 19. Ne4 Ng4 20. Bf3 Qh5 21. Bxg4 Qxg4 22. f3 Qg6 23. Kf2 Nd6 24. Rxd6 Bxd6 25. Qc3 Be7 26. Rh1 f5 27. Nd2 Bf6 28. Qd3 Rd8 29. Qc2 Bd4+ 30. e3 Bxe3+ 31. Kxe3 f4+ 32. Kxf4 Qxc2 0-1

[Event "December 5 Late 2023"]
[Site "https://www.chess.com"]
[Date "2023.12.05"]
[Round "8"]
[White "Henriquez Villagra, Cristobal"]
[Black "Mendes Aaron Reeve"]
[Result "1-0"]
[Board "15"]
[TimeControl "180+1"]
[WhiteFideId "3409350"]
[BlackFideId "25954938"]
[WhiteElo "2998"]
[BlackElo "2652"]
[WhiteTeam "CHI"]
[BlackTeam "CAN"]
[WhiteClock "0:01:01"]
[BlackClock "0:00:12"]

1. g3 d5 2. Bg2 e5 3. d4 e4 4. c4 c6 5. Nc3 Nf6 6. f3 exf3 7. Nxf3 dxc4 8. O-O Bb4 9. e4 Bxc3 10. bxc3 O-O 11. Bg5 h6 12. Bh4 Bg4 13. Qc1 Qa5 14. Bxf6 gxf6 15. Qxh6 Nd7 16. Qf4 Bxf3 17. Rxf3 Qg5 18. Qc7 Nb6 19. Raf1 Rab8 20. Rxf6 Na4 21. h4 Qe3+ 22. Kh2 Nxc3 23. Rxf7 Qxd4 24. e5 Qg4 25. R1f4 Qg6 26. e6 Ne2 27. R4f6 Qxf6 28. Rxf6 Rxf6 29. Qxb8+ Kg7 30. e7 Re6 31. Qf8+ Kh7 32. Qf7+ Kh6 33. Qxe6+ Kh7 34. e8=Q Nf4 35. gxf4 c3 36. Q6g6# 1-0

[Event "December 5 Late 2023"]
[Site "https://www.chess.com"]
[Date "2023.12.05"]
[Round "8"]
[White "Drozdowski, Kacper"]
[Black "Janaszak, Dawid"]
[Result "1-0"]
[Board "16"]
[TimeControl "180+1"]
[WhiteFideId "1136720"]
[BlackFideId "1119206"]
[WhiteElo "2992"]
[BlackElo "2620"]
[WhiteTeam "POL"]
[BlackTeam "POL"]
[WhiteClock "0:00:37"]
[BlackClock "0:00:00"]

1. e4 c5 2. Nf3 Nc6 3. Nc3 g6 4. Bb5 Bg7 5. O-O Nf6 6. Re1 O-O 7. e5 Ng4 8. Bxc6 dxc6 9. d3 Nh6 10. h3 Nf5 11. Ne4 b6 12. b3 Nd4 13. Bb2 h6 14. Nxd4 cxd4 15. f4 c5 16. Qe2 Qd5 17. Rf1 f5 18. exf6 exf6 19. Rae1 Bd7 20. Qf3 Kh8 21. Nd2 Qxf3 22. Nxf3 Rae8 23. Nd2 f5 24. Nc4 Kg8 25. a4 g5 26. Bc1 Bf6 27. Kf2 Kg7 28. g3 Rxe1 29. Rxe1 Re8 30. Rxe8 Bxe8 31. g4 fxg4 32. hxg4 Bd7 33. Kg3 Kf7 34. Nd6+ Ke7 35. Ne4 gxf4+ 36. Bxf4 Bg7 37. Bb8 Kd8 38. Bxa7 Kc7 39. a5 bxa5 40. Bxc5 a4 41. Kf4 axb3 42. cxb3 Bb5 43. Nf2 Kc6 44. Be7 Kd5 45. Kf3 Be5 46. Bh4 Bd6 47. Bg3 Bf8 48. Bf4 Be8 49. Ne4 Bg7 50. Ng3 h5 51. gxh5 Bf6 52. h6 Ke6 53. Ne4 Be7 54. Bg5 Bh5+ 55. Kf4 1-0

[Event "December 5 Late 2023"]
[Site "https://www.chess.com"]
[Date "2023.12.05"]
[Round "8"]
[White "Terry, Renato"]
[Black "Holt, Conrad"]
[Result "1-0"]
[Board "17"]
[TimeControl "180+1"]
[WhiteFideId "3803457"]
[BlackFideId "2034387"]
[WhiteElo "2978"]
[BlackElo "2812"]
[WhiteTeam "PER"]
[BlackTeam "USA"]
[WhiteClock "0:00:14"]
[BlackClock "0:00:00"]

1. Nf3 d5 2. e3 Bg4 3. c4 c6 4. cxd5 cxd5 5. Qa4+ Bd7 6. Qb3 Qc7 7. Nc3 e6 8. d4 Nc6 9. Bd2 Nf6 10. Bd3 Be7 11. O-O O-O 12. Rac1 Rfc8 13. Na4 Ne4 14. Bxe4 dxe4 15. Ne5 Be8 16. f4 Qd8 17. Kh1 Qd5 18. Qxd5 exd5 19. Nc3 f6 20. Nxd5 Bf8 21. Nxc6 Bxc6 22. Nc3 Rd8 23. a3 Rac8 24. g4 Kf7 25. Kg1 Re8 26. Kf2 g6 27. h4 Bd7 28. Rg1 f5 29. g5 Ke6 30. h5 Be7 31. Rh1 Rg8 32. hxg6 hxg6 33. Rh6 Be8 34. Rh7 Bf8 35. Rxb7 Ra8 36. d5+ Kd6 37. Nb5+ Bxb5 38. Rxb5 1-0

[Event "December 5 Late 2023"]
[Site "https://www.chess.com"]
[Date "2023.12.05"]
[Round "8"]
[White "Wafa, Hamed"]
[Black "Svane, Rasmus"]
[Result "0-1"]
[Board "18"]
[TimeControl "180+1"]
[WhiteFideId "10628452"]
[BlackFideId "4657101"]
[WhiteElo "2715"]
[BlackElo "2930"]
[WhiteTeam "EGY"]
[BlackTeam "GER"]
[WhiteClock "0:00:09"]
[BlackClock "0:00:06"]

1. e4 c6 2. d4 d5 3. e5 Bf5 4. h4 h5 5. Bd3 Bxd3 6. Qxd3 Qa5+ 7. Nd2 e6 8. Nf3 Nh6 9. O-O Nf5 10. a4 Be7 11. b3 O-O 12. Ba3 Bxa3 13. Rxa3 c5 14. c4 Rd8 15. dxc5 Nc6 16. cxd5 Rxd5 17. Qc2 Rxc5 18. Nc4 Qb4 19. Raa1 Ncd4 20. Nxd4 Nxd4 21. Qb1 Qxb3 22. Nd6 Rxe5 23. Rd1 Ne2+ 24. Kf1 Qxb1 25. Rdxb1 b6 26. Re1 Rd5 27. Nb5 Nf4 28. Nc7 Rad8 29. Nxd5 Rxd5 30. g3 Ng6 31. Red1 Ra5 32. Rd8+ Kh7 33. Rd7 Ne5 34. Rd4 Kg6 35. Rc1 Kf6 36. Rc7 g6 37. Rf4+ Kg7 38. Re4 Nd3 39. Rxe6 Rf5 40. f4 Nc5 41. Ree7 a5 42. Kg2 Nxa4 43. Rb7 Rf6 44. Rb8 Nc5 45. Ree8 Rd6 46. Ra8 Rd7 47. Reb8 Rd6 48. Ra7 a4 49. Rc8 Re6 50. Rcc7 Rf6 51. Kf3 Ne6 52. Rd7 b5 53. Rdb7 Rf5 54. Ke3 Rf6 55. Rb6 Rf5 56. Rxe6 a3 57. Rb6 Rc5 58. Rba6 Rc3+ 59. Kd4 b4 60. Rb7 Rb3 61. Ra4 Rxg3 62. Rbxb4 Rg4 63. Ke5 Rxh4 64. Rxa3 Rh1 65. Ra7 Re1+ 66. Kd4 Re6 67. Rbb7 Rf6 68. Ke4 Rf5 69. Re7 Rf6 70. Ra5 Rb6 71. f5 g5 72. Ra8 Kf6 73. Ree8 Rb4+ 74. Ke3 Kxf5 75. Rh8 h4 76. Ra5+ Kg4 77. Rf8 Rf4 78. Rg8 f6 79. Ra1 Rf3+ 80. Ke2 Rg3 81. Rf1 f5 82. Rf8 f4 83. Rg8 h3 84. Rh1 Rg2+ 85. Kf1 Kg3 86. Rg1 g4 87. Rxg2+ hxg2+ 88. Kg1 Kh3 89. Rf8 Kg3 90. Rf7 Kf3 91. Rf6 Kg3 92. Ra6 Kh3 93. Ra3+ f3 94. Ra8 Kg3 95. Rf8 Kh3 96. Kf2 g3+ 97. Kxf3 g1=N+ 98. Kf4 Kg2 99. Rg8 Nh3+ 100. Ke3 Nf2 101. Rg5 Nh3 102. Rg6 Nf2 103. Ke2 Nh3 104. Rg4 Nf2 105. Rg8 Nh3 106. Ke3 Nf2 107. Kf4 Nh3+ 108. Kg4 Nf2+ 109. Kh4 Ne4 110. Rg4 Kf3 111. Kh3 Nf2+ 112. Kh4 Nxg4 0-1